 Dungeon Crawl Stone Soup version 0.21-a0-110-g8e1637b (webtiles) character file.

2086 Lianjan the Grappler (level 9, -3/80 HPs)
             Began as a Troll Hunter on July 9, 2017.
             Was an Initiate of Sif Muna.
             Slain by an eight-headed hydra (12 damage)
             ... on level 6 of the Dungeon.
             The game lasted 00:10:05 (7345 turns).

Lianjan the Grappler (Troll Hunter)                 Turns: 7345, Time: 00:10:06

Health: -3/80      AC:  8    Str: 22    XL:     9   Next: 6%
Magic:  17/17      EV: 10    Int: 10    God:    Sif Muna [......]
Gold:   299        SH:  0    Dex: 10    Spells: 8/8 levels left

rFire    . . .     SeeInvis .     - Unarmed
rCold    . . .     Gourm    +   (no shield)
rNeg     . . .     Faith    .   b - +0 robe
rPois    .         Spirit   .   (helmet restricted)
rElec    .         Reflect  .   n - +2 cloak
rCorr    .         Harm     .   (gloves unavailable)
MR       .....                  (boots unavailable)
Stlth    +.........             (no amulet)
HPRegen  0.63/turn              (no ring)
MPRegen  0.15/turn              q - ring of magical power

@: no status effects
A: unfitting armour, claws 3, fast metabolism 3, gourmand, regeneration 1,
shaggy fur 1, tough skin 2
a: Renounce Religion


You were on level 6 of the Dungeon.
You worshipped Sif Muna.
Sif Muna was noncommittal.
You were completely stuffed.

You visited 2 branches of the dungeon, and saw 7 of its levels.

You collected 299 gold pieces.

Inventory:

Missiles
 d - a throwing net (quivered)
 j - 2 javelins
 m - 155 stones
 p - 5 tomahawks
 x - 46 poisoned needles
Armour
 b - a +0 robe (worn)
 n - a +2 cloak (worn)
Jewellery
 q - a ring of magical power (right claw)
Wands
 i - a wand of polymorph (9/24)
Scrolls
 a - a scroll of blinking {unknown}
 s - 3 scrolls of remove curse
 y - a scroll of immolation {unknown}
 B - a scroll of enchant armour {unknown}
 C - a scroll of identify
Potions
 e - a potion of ambrosia
 h - 4 potions of curing
 k - a potion of invisibility
 l - 2 potions of magic
 o - a potion of lignification
 r - a potion of flight {unknown}
 t - 2 potions of cancellation {unknown}
 u - a potion of degeneration {unknown}
 v - 2 potions of mutation {unknown}
 z - a potion of resistance {unknown}
 A - 3 potions of heal wounds {unknown}
Comestibles
 f - 7 bread rations
 g - 3 meat rations
 w - a royal jelly
 D - a chunk of flesh


   Skills:
 + Level 2.8 Fighting
 * Level 7.0 Throwing
 + Level 3.3 Dodging
 - Level 0.3 Stealth
 + Level 8.7 Unarmed Combat


You had 8 spell levels left.
You didn't know any spells.

Dungeon Overview and Level Annotations

Branches:
Dungeon (6/15)             Temple (1/1) D:4

Altars:
Ashenzari
Cheibriados
Dithmenos
Elyvilon
Fedhas
Hepliaklqana
Kikubaaqudgha
Makhleb
Nemelex Xobeh
Qazlal
Ru
Sif Muna
Uskayaw
Wu Jian
Xom
Yredelemnul
The Shining One


Innate Abilities, Weirdness & Mutations

You are too large for most types of armour.
You have claws for hands.
Your metabolism is lightning-fast.
You like to eat raw meat.
Your natural rate of healing is unusually fast.
You are covered in fur. (AC +1)
You have very tough skin. (AC +2)


Message History

Aim: an eight-headed hydra (heavily wounded)
You throw a large rock.
The large rock hits the eight-headed hydra!!
The eight-headed hydra is almost dead.
The eight-headed hydra bites you!
The eight-headed hydra closely misses you.
The eight-headed hydra bites you! The eight-headed hydra bites you.
The eight-headed hydra bites you but does no damage.
The eight-headed hydra closely misses you.
The eight-headed hydra barely misses you. x2
Throwing (i - inventory. (,) - cycle):
d - 2 throwing nets (quivered)
Press: ? - help, Shift-Dir - straight line, f/p - eight-headed hydra
Aim: an eight-headed hydra (severely wounded)
You throw a throwing net.
The throwing net barely misses the eight-headed hydra.
The eight-headed hydra bites you. x2; The eight-headed hydra misses you.
The eight-headed hydra bites you!
* * * LOW HITPOINT WARNING * * *
The eight-headed hydra bites you!
You die...

...## ###.### ####.# ##. ..##
#.# #....# ## '## #.### #.####
# )# #...# #.# (# ###.# #># #
.## #.# #.# # ..## #.# #.#
###### ...# ########## #####
#..... ).##
#..?(D@..###...######.# .##
...(..#...##.....## #..
.####..# ..... #...#.......#
### .......# ....
#...'.......# # .#####......
#...#.......# .# #####
#...##.....## .#
##...###...###...##
.########.....##...# #########
.......#......)#...####......#


You could see an eight-headed hydra.

Vanquished Creatures
  Prince Ribbit (D:5)
  Grinder (D:6)
  An orc warrior (D:6)
  An ice beast (D:6)
  A sky beast (D:5)
  2 phantoms
  An ogre (D:6)
  2 centaurs
  A bullfrog (D:6)
  A scorpion (D:4)
  3 crimson imps
  A jelly (D:5)
  Crazy Yiuf (D:5)
  3 hounds (D:6)
  3 orc priests (D:6)
  An iron imp (D:6)
  2 iguanas
  An orc wizard (D:6)
  4 worker ants
  A worker ant zombie (D:6)
  6 adders
  16 gnolls
  2 adder zombies (D:6)
  4 worms
  4 dart slugs
  3 leopard geckos
  21 orcs
  7 bats
  4 giant cockroaches
  3 goblins
  6 hobgoblins
  4 jackals (D:4)
  5 kobolds
  3 quokkas (D:2)
  3 ball pythons
  A ball python zombie (D:5)
  3 frilled lizards
  A leopard gecko zombie (D:5)
  7 rats
135 creatures vanquished.

Vanquished Creatures (others)
  2 fungi (D:5)
2 creatures vanquished.

Grand Total: 137 creatures vanquished

Notes
Turn   | Place    | Note
-------+----------+-------------------------------------------
     0 | D:1      | Lianjan the Troll Hunter began the quest for the Orb.
     0 | D:1      | Reached XP level 1. HP: 19/19 MP: 0/0
   305 | D:1      | Reached XP level 2. HP: 27/27 MP: 1/1
  1327 | D:2      | Reached XP level 3. HP: 33/33 MP: 2/2
  1564 | D:2      | Found a shattered altar of Ashenzari.
  1634 | D:2      | Reached skill level 1 in Unarmed Combat
  1634 | D:2      | Reached XP level 4. HP: 41/41 MP: 3/3
  1642 | D:2      | Reached skill level 5 in Throwing
  2139 | D:2      | Reached skill level 2 in Unarmed Combat
  2367 | D:2      | Reached XP level 5. HP: 48/48 MP: 4/4
  4009 | D:4      | Reached skill level 3 in Unarmed Combat
  4228 | D:4      | Found a staircase to the Ecumenical Temple.
  4411 | Temple   | Entered the Ecumenical Temple
  4562 | Temple   | Became a worshipper of Sif Muna the Loreminder
  4734 | D:5      | Entered Level 5 of the Dungeon
  4741 | D:5      | Reached XP level 6. HP: 54/57 MP: 5/5
  4842 | D:5      | Reached skill level 4 in Unarmed Combat
  4874 | D:5      | Noticed Prince Ribbit
  4881 | D:5      | Killed Prince Ribbit
  4881 | D:5      | Reached skill level 5 in Unarmed Combat
  4881 | D:5      | Reached XP level 7. HP: 20/63 MP: 6/6
  5495 | D:5      | Found a runed door.
  5605 | D:5      | Found a shimmering altar of Xom.
  5785 | D:5      | Reached skill level 6 in Unarmed Combat
  5912 | D:5      | Noticed Crazy Yiuf
  5917 | D:5      | Killed Crazy Yiuf
  6010 | D:6      | Reached XP level 8. HP: 74/74 MP: 7/7
  6341 | D:6      | Noticed Grinder
  6350 | D:6      | Killed Grinder
  6350 | D:6      | Reached skill level 7 in Unarmed Combat
  6460 | D:6      | Found a snail-covered altar of Cheibriados.
  6854 | D:6      | Reached skill level 8 in Unarmed Combat
  7311 | D:6      | Reached XP level 9. HP: 80/80 MP: 8/8
  7341 | D:6      | Noticed an eight-headed hydra
  7345 | D:6      | Slain by an eight-headed hydra

Vault maps used:
D:1:      dpeg_arrival_snail, chequers_big_river
D:2:      nicolae_overflow_hidden_temple
D:4:      minmay_temple_entry_nine_rooms, serial_bayou_pond_c
D:5:      first_bread, minmay_holes, tgw_xom, uniq_prince_ribbit1,
          uniq_crazy_yiuf_cottage
D:6:      minmay_opposing_rooms, slow_altar_2, st_stairs_5, uniq_grinder
Temple:   zaba_magenta_temple

Skill      XL: |  1  2  3  4  5  6  7  8  9 |
---------------+----------------------------+-----
Throwing       | 4 5 6 7 |  7.0
Unarmed Combat | 1 2 3 5 6 8 |  8.7
Dodging        | 2 3 |  3.3
Fighting       | 2 |  2.8
Stealth        | |  0.3

Action                   |  1- 3 |  4- 6 |  7- 9 || total
-------------------------+-------+-------+-------++-------
Melee: Unarmed           |   120 |   120 |   205 ||   445
       Punch             |       |     2 |     4 ||     6
Throw: Stone             |     8 |       |    16 ||    24
       Throwing net      |     1 |       |     2 ||     3
       Large rock        |       |     4 |     9 ||    13
  Use: Scroll            |       |       |    11 ||    11
 Stab: Distracted        |     1 |       |       ||     1
       Sleeping          |     2 |       |       ||     2
       Invisible         |       |       |     3 ||     3
       Held in net/web   |       |       |     1 ||     1
  Eat: Chunk             |    20 |    29 |    24 ||    73
Armor: Robe              |    45 |    33 |    43 ||   121
Dodge: Dodged            |    50 |    66 |    85 ||   201
